 Dungeon Sprint DCSS version 0.22-a0-880-gb7b0c8b (webtiles) character file.

31000000 protoss039 the Middleweight Champion (level 27, 2/272 (273) HPs)
             Began as a Ghoul Gladiator on July 30, 2018.
             Was the Champion of Makhleb.
             Escaped with the Orb!
             The game lasted 00:06:16 (155 turns).

protoss039 the Middleweight Champion (GhGl)          Turns: 155, Time: 00:06:17

HP:   2/272 (273)   AC:  8    Str: 22    XL:     27
MP:   53/53         EV: 34    Int:  3    God:    Makhleb [******]
Gold: 0             SH:  0    Dex: 19    Spells: 80/80 levels left

rFire    . . .     SeeInvis +   k - +∞ Axe of Woe
rCold    + . .     Gourm    .   (shield currently unavailable)
rNeg     + + +     Faith    .   a - +0 leather armour
rPois    ∞         Spirit   .   b - +0 helmet
rElec    .         Reflect  .   (no cloak)
rCorr    .         Harm     .   (no gloves)
MR       ++...     NoTele   +   (no boots)
Stlth    ++++......             (no amulet)
HPRegen  0.00/turn              l - ring of see invisible
MPRegen  0.33/turn              (no ring)

@: rotting, hasted and slowed
A: rotting body, claws 1, carnivore, cold resistance 1, negative energy
resistance 3, inhibited regeneration, torment resistance, unbreathing
0: Orb of Zot
a: Minor Destruction, Lesser Servant of Makhleb, Major Destruction, Greater
Servant of Makhleb, Renounce Religion


You escaped.
You worshipped Makhleb.
Makhleb was exalted by your worship.
You were not hungry.

You visited 1 branch

Inventory:

Hand Weapons
 k - the +∞ Axe of Woe (weapon)
   (You found it in the Dungeon)
Missiles
 c - 3 throwing nets (quivered)
Armour
 a - a +0 leather armour (worn)
 b - a +0 helmet (worn)
Jewellery
 l - a ring of see invisible (left claw)
Scrolls
 j - a scroll of blinking
Potions
 e - a potion of curing
 f - a potion of heal wounds
 h - 2 potions of magic
 i - a potion of berserk rage
Comestibles
 d - a ration


   Skills:
 O Level 27 Fighting
 O Level 27 Axes
 O Level 27 Throwing
 O Level 27 Armour
 O Level 27 Dodging
 O Level 27 Stealth
 O Level 27 Unarmed Combat
 O Level 27 Spellcasting
 O Level 27 Invocations


You had 80 spell levels left.
You didn't know any spells.
Your spell library was empty.

Dungeon Overview and Level Annotations

Branches:
Dungeon (1/1)

Altars:
Makhleb


Innate Abilities, Weirdness & Mutations

Your body is rotting away.
You thrive on raw meat.
You are immune to poison.
You have sharp fingernails.
You are carnivorous and can eat meat at any time.
Your flesh is cold resistant. (rC+)
You are immune to negative energy. (rN+++)
You do not regenerate when monsters are visible.
You are immune to unholy pain and torment.
You can survive without breathing.


Message History

Something smites you!
The meat berserker rages.
The bag of meat is engulfed in blazing flames.
The fleshlord gestures at you while chanting.
You feel as though you will be slow longer.
The dread completely misses you. The meat berserker closely misses you.
The bag of meat is engulfed in blazing flames.
The bag of meat completely misses you.
You hear a shout! x3
The fleshlord hits you with a +9 great mace!!!!
Your cacodemon gestures at the meat berserker.
The meat berserker twists and deforms.
The destroyer is engulfed in blazing flames.
The destroyer hits you with a +9 great sword of slicing!!!
* * * LOW HITPOINT WARNING * * *
x2 The destroyer bites you.
* * * LOW HITPOINT WARNING * * *
The meat berserker is engulfed in blazing flames.
You hear a shout! x2; You hear a roar!
You hear a shout!
You hear a howl!
You have escaped!

..%......)oX.......
....%p..xXLo.......
....#...X§..#X....
....#.....§.#.....
...###...X.)o###...
........###...%W...
#.....2.p_)))G.....
......#.O)W.#......
......#_O@oO#......
..... #VpVo§#....o.
#.o.§o.G)§§.Oo..o.o
.DzMp...###...%O...
..W###... ...###o.O
. #.. ...# . #..
...# ..M ..... o...
.O


You could see an accursed, 2 destroyers, 2 observers, 4 fleshlords, a sculptor
of flesh, a large bag of meat (inner flame), a wretched soul (invisible), 2
dreads, 4 meat berserkers, 6 bags of meat and a friendly cacodemon.

Vanquished Creatures
  Dispater (D)
  4 hell knights (D)
  10 hell beasts (D)
  10 greater mummies (D)
  3 great orbs of eyes (D)
  9 wraiths (D)
  Harold (D)
  21 vampire knights (D)
  39 ogres (D)
  7 two-headed ogres (D)
  11 liches (D)
  4 hydras (D)
  95 orcs (D)
  2 phantoms (D)
  6 skeletal warriors (D)
  4 sea snakes (D)
  7 large abominations (D)
  11 small abominations (D)
  8 crawling corpses (D)
253 creatures vanquished.

Vanquished Creatures (others)
  2 crawling corpses (D)
2 creatures vanquished.

Grand Total: 255 creatures vanquished

Notes
Turn   | Place    | Note
-------+----------+-------------------------------------------
     0 | D        | Found the +∞ Axe of Woe
     0 | D        | protoss039 the Ghoul Gladiator began the quest for the Orb.
     0 | D        | Reached XP level 1. HP: 17/17 MP: 0/0
     2 | D        | Noticed a bag of meat
     3 | D        | Became a worshipper of Makhleb the Destroyer
     3 | D        | Noticed a bag of meat
     5 | D        | Noticed a meat berserker
     7 | D        | Killed a meat berserker
     7 | D        | Reached XP level 2. HP: 44/44 MP: 1/1
     7 | D        | Reached XP level 3. HP: 50/50 MP: 2/2
     7 | D        | Reached XP level 4. HP: 58/58 MP: 3/3
     7 | D        | Reached XP level 5. HP: 64/64 MP: 4/4
     7 | D        | Reached XP level 6. HP: 72/72 MP: 5/5
     7 | D        | Reached XP level 7. HP: 79/79 MP: 6/6
     7 | D        | Reached XP level 8. HP: 86/86 MP: 7/7
     7 | D        | Reached XP level 9. HP: 93/93 MP: 8/8
     7 | D        | Reached XP level 10. HP: 101/101 MP: 9/9
     7 | D        | Reached XP level 11. HP: 107/107 MP: 10/10
     7 | D        | Reached XP level 12. HP: 115/115 MP: 11/11
     7 | D        | Reached XP level 13. HP: 122/122 MP: 12/12
     7 | D        | Noticed a bag of meat
     8 | D        | Noticed a meat berserker
     9 | D        | Noticed a bag of meat
     9 | D        | Noticed a bag of meat
    10 | D        | Noticed a meat berserker
    11 | D        | Noticed a bag of meat
    11 | D        | Noticed a bag of meat
    11 | D        | Noticed a meat berserker
    11 | D        | Noticed a bag of meat
    12 | D        | Noticed a large bag of meat
    12 | D        | Noticed a meat berserker
    13 | D        | Killed a meat berserker
    13 | D        | Reached * piety under Makhleb
    13 | D        | Reached skill level 15 in Fighting
    13 | D        | Reached XP level 14. HP: 102/135 MP: 13/13
    13 | D        | Killed a meat berserker
    13 | D        | Reached XP level 15. HP: 111/147 MP: 14/14
    14 | D        | Noticed a meat berserker
    15 | D        | Killed a meat berserker
    15 | D        | Reached skill level 10 in Axes
    15 | D        | Reached skill level 15 in Throwing
    15 | D        | Reached skill level 27 in Unarmed Combat
    15 | D        | Reached XP level 16. HP: 88/160 MP: 15/15
    15 | D        | Reached ** piety under Makhleb
    15 | D        | Reached skill level 27 in Dodging
    15 | D        | Reached XP level 17. HP: 130/172 MP: 16/16
    15 | D        | Noticed a meat berserker
    16 | D        | Killed a meat berserker
    16 | D        | Reached *** piety under Makhleb
    16 | D        | Reached XP level 18. HP: 192/192 MP: 17/17
    16 | D        | Killed a large bag of meat
    16 | D        | Reached **** piety under Makhleb
    16 | D        | Reached skill level 27 in Fighting
    16 | D        | Reached XP level 19. HP: 207/207 MP: 18/18
    17 | D        | Noticed a large bag of meat
    18 | D        | Killed a meat berserker
    18 | D        | Reached skill level 10 in Armour
    18 | D        | Reached skill level 27 in Axes
    18 | D        | Reached ***** piety under Makhleb
    18 | D        | Reached skill level 27 in Throwing
    18 | D        | Reached XP level 20. HP: 216/216 MP: 19/19
    19 | D        | Noticed a destroyer
    20 | D        | Noticed a destroyer
    21 | D        | Killed a meat berserker
    21 | D        | Reached skill level 27 in Armour
    21 | D        | Reached skill level 10 in Invocations
    21 | D        | Reached XP level 21. HP: 224/224 MP: 19/32
    23 | D        | Reached skill level 10 in Spellcasting
    23 | D        | Reached skill level 15 in Invocations
    23 | D        | Killed a large bag of meat
    23 | D        | Reached ****** piety under Makhleb
    23 | D        | Reached skill level 15 in Spellcasting
    23 | D        | Reached XP level 22. HP: 221/233 MP: 19/41
    25 | D        | Noticed a destroyer
    26 | D        | Noticed a destroyer
    27 | D        | Noticed a destroyer
    31 | D        | Killed a destroyer
    31 | D        | Reached skill level 27 in Stealth
    31 | D        | Reached skill level 27 in Invocations
    31 | D        | Reached XP level 23. HP: 240/240 MP: 21/50
    34 | D        | Killed a destroyer
    34 | D        | Reached skill level 27 in Spellcasting
    38 | D        | Noticed a destroyer
    39 | D        | Reached XP level 24. HP: 213/249 MP: 23/53
    41 | D        | Noticed a destroyer
    42 | D        | Killed a destroyer
    42 | D        | Reached XP level 25. HP: 257/257 MP: 24/53
    42 | D        | Noticed a large bag of meat
    44 | D        | Noticed an accursed
    44 | D        | Noticed a tyrant
    46 | D        | Killed a destroyer
    46 | D        | Reached XP level 26. HP: 266/266 MP: 25/53
    46 | D        | Killed a destroyer
    46 | D        | Noticed a tyrant
    48 | D        | Reached XP level 27. HP: 273/273 MP: 26/53
    49 | D        | Killed an accursed
    50 | D        | Killed a destroyer
    50 | D        | Noticed a destroyer
    51 | D        | Noticed an accursed
    52 | D        | Noticed a tyrant
    53 | D        | Killed a destroyer
    54 | D        | Noticed an accursed
    56 | D        | Noticed a destroyer
    58 | D        | Noticed a destroyer
    58 | D        | Noticed a tyrant
    58 | D        | Noticed a dread
    60 | D        | Killed a destroyer
    60 | D        | Killed an accursed
    62 | D        | Killed a tyrant
    63 | D        | Noticed a destroyer
    64 | D        | Noticed a meat beast
    65 | D        | Noticed a dread
    65 | D        | Noticed a destroyer
    65 | D        | Noticed a destroyer
    66 | D        | Killed a destroyer
    67 | D        | Noticed an accursed
    68 | D        | Killed a tyrant
    68 | D        | Noticed a meat beast
    68 | D        | Noticed a tyrant
    69 | D        | Noticed a meat beast
    71 | D        | Killed a destroyer
    72 | D        | Killed a destroyer
    72 | D        | Noticed a tyrant
    74 | D        | Killed a tyrant
    74 | D        | Killed a meat beast
    74 | D        | Killed a meat beast
    75 | D        | Noticed a dread
    76 | D        | Killed a destroyer
    77 | D        | Killed a tyrant
    78 | D        | Noticed a meat beast
    78 | D        | Noticed an accursed
    79 | D        | Killed a dread
    79 | D        | Noticed a tyrant
    80 | D        | Noticed a dread
    80 | D        | Noticed a destroyer
    81 | D        | Killed a dread
    81 | D        | Killed a destroyer
    84 | D        | Killed a meat beast
    86 | D        | Killed a destroyer
    87 | D        | Killed a meat beast
    87 | D        | Killed a tyrant
    87 | D        | Killed an accursed
    87 | D        | Noticed a destroyer
    89 | D        | Noticed a dread
    91 | D        | Killed a dread
    91 | D        | Noticed an accursed
    92 | D        | Noticed a large bag of meat
    94 | D        | Noticed a destroyer
    95 | D        | Killed a tyrant
    96 | D        | Killed an accursed
    96 | D        | Noticed a tyrant
    98 | D        | Killed a destroyer
    99 | D        | Killed an accursed
   100 | D        | Killed a dread
   100 | D        | Noticed a meat beast
   102 | D        | Killed a large bag of meat
   102 | D        | Noticed an accursed
   102 | D        | Noticed a large bag of meat
   104 | D        | Killed a tyrant
   105 | D        | Killed an accursed
   105 | D        | Killed a meat beast
   106 | D        | Noticed a meat beast
   106 | D        | Noticed a large bag of meat
   107 | D        | Noticed a dread
   108 | D        | Killed a tyrant
   110 | D        | Killed a destroyer
   110 | D        | Noticed a tyrant
   111 | D        | Killed a large bag of meat
   111 | D        | Noticed a meat beast
   112 | D        | Noticed a dread
   113 | D        | Noticed a destroyer
   114 | D        | Killed a meat beast
   115 | D        | Killed a meat beast
   117 | D        | Noticed a large bag of meat
   118 | D        | Killed a dread
   118 | D        | Killed a large bag of meat
   119 | D        | Killed a dread
   122 | D        | Killed a destroyer
   122 | D        | Noticed an accursed
   124 | D        | Noticed a destroyer
   125 | D        | Killed an accursed
   125 | D        | Noticed an accursed
   125 | D        | Noticed a dread
   127 | D        | Noticed a destroyer
   128 | D        | Killed a tyrant
   128 | D        | Noticed a destroyer
   129 | D        | Noticed a tyrant
   129 | D        | Noticed an accursed
   130 | D        | Killed a large bag of meat
   130 | D        | Noticed a dread
   131 | D        | Killed a destroyer
   132 | D        | Killed a destroyer
   132 | D        | Noticed a meat beast
   132 | D        | Noticed a fleshlord
   134 | D        | Killed a destroyer
   134 | D        | Noticed a fleshlord
   135 | D        | Killed a dread
   135 | D        | Killed an accursed
   135 | D        | Noticed The Servant
   136 | D        | Killed a meat beast
   136 | D        | Killed a dread
   138 | D        | Killed a tyrant
   138 | D        | Noticed a large bag of meat
   138 | D        | Noticed a fleshlord
   139 | D        | Killed a dread
   139 | D        | Noticed a fleshlord
   140 | D        | Killed an accursed
   140 | D        | Noticed a tyrant
   141 | D        | Killed an accursed
   141 | D        | Noticed a meat beast
   141 | D        | Noticed a meat beast
   142 | D        | Killed a fleshlord
   143 | D        | Noticed a destroyer
   144 | D        | Killed a fleshlord
   144 | D        | Killed a destroyer
   144 | D        | Noticed a dread
   145 | D        | Killed a meat beast
   145 | D        | Noticed a destroyer
   146 | D        | Noticed a fleshlord
   146 | D        | Noticed a destroyer
   147 | D        | Noticed The Meatlord
   147 | D        | Noticed a fleshlord
   147 | D        | Killed a meat beast
   147 | D        | Killed a large bag of meat
   147 | D        | Noticed a large bag of meat
   148 | D        | Killed a fleshlord
   149 | D        | Killed The Servant
   151 | D        | Noticed a fleshlord
   151 | D        | Killed a tyrant
   152 | D        | Killed The Meatlord
   152 | D        | Killed a fleshlord
   153 | D        | Got the Orb of Zot
   153 | D        | Noticed a dread
   154 | D        | Noticed a fleshlord
   154 | D        | Noticed an accursed
   154 | D        | HP: 8/272 [destroyer/+9 great sword of slicing (20)]
   154 | D        | HP: 2/272 [destroyer/+9 great sword of slicing (6)]
   155 | D        | Escaped with the Orb!

Vault maps used:
D:        meatsprint

Skill      XL: |  1  2  3  4  5  6  7  8  9 10 11 12 13 14 15 16 17 18 19 20 21 22 23 |
---------------+----------------------------------------------------------------------+-----
Fighting       | 13 15 17 19 20 24 27 | 27.0
Axes           | 4 6 7 10 12 18 23 27 | 27.0
Throwing       | 11 12 14 15 17 19 22 27 | 27.0
Dodging        | 18 21 23 25 27 | 27.0
Unarmed Combat | 21 24 26 27 | 27.0
Armour         | 2 3 6 9 17 27 | 27.0
Stealth        | 11 22 27 | 27.0
Spellcasting   | 8 16 24 27 | 27.0
Invocations    | 10 20 27 | 27.0

Action                   |  1- 3 |  4- 6 |  7- 9 | 10-12 | 13-15 | 16-18 | 19-21 | 22-24 | 25-27 || total
-------------------------+-------+-------+-------+-------+-------+-------+-------+-------+-------++-------
Melee: Executioner's axe |     1 |       |       |       |     2 |     1 |     3 |     6 |    77 ||    90
Invok: Greater Servant o |       |       |       |       |       |       |       |       |     5 ||     5
  Use: Potion            |       |       |       |       |       |       |       |       |     1 ||     1
 Stab: Distracted        |       |       |       |       |       |       |       |       |     1 ||     1
       Confused          |       |       |       |       |       |       |       |       |     1 ||     1
Armor: Leather armour    |       |       |       |       |       |       |       |       |     4 ||     4
Dodge: Dodged            |       |       |       |       |       |       |     1 |     2 |    28 ||    31

Table legend:
 A = Spawn XP
 B = Non-spawn XP
 C = Spawn XP percentage of total XP
 D = Spawn monster count
 E = Non-spawn monster count
 F = Spawn count percentage of total count
 G = Total turns spent on level
                    A         B        C        D         E        F      G
               +---------+---------+-------+---------+---------+-------+---------
         Total |       0 | 8719380 |   0.0 |       0 |     240 |   0.0 |   155
               +---------+---------+-------+---------+---------+-------+---------
             D |       0 | 8719380 |   0.0 |       0 |     240 |   0.0 |   155
               +---------+---------+-------+---------+---------+-------+---------
